 Dungeon Crawl Stone Soup version 0.16.0 (webtiles) character file.

51 Fiveotanaka the Cudgeler (level 3, 0/39 HPs)
             Began as an Ogre Berserker on Mar 20, 2015.
             Was a Believer of Trog.
             Slain by a gnoll
             ... wielding a +0 spear
              (7 damage)
             ... on level 3 of the Dungeon.
             The game lasted 00:02:39 (1479 turns).

Fiveotanaka the Cudgeler (Ogre Berserker)           Turns: 1479, Time: 00:02:39

Health: 0/39       AC:  3    Str: 22    XL:     3   Next: 81%
Magic:  3/3        EV: 10    Int:  6    God:    Trog [**....]
Gold:   155        SH:  0    Dex: 10    Spells: 0 memorised, 2 levels left

rFire  . . .     SeeInvis .     d - +0 mace (holy)
rCold  . . .     Clarity  .     b - +0 animal skin
rNeg   . . .     SustAb   .     (shield restricted)
rPois  .         Gourm    .     (helmet restricted)
rElec  .         Spirit   .     (no cloak)
rCorr  .         Warding  .     (gloves unavailable)
rMut   .         Stasis   .     (boots unavailable)
MR     .....                    i - amulet of faith
Stlth  +.........               (no ring)
                                (no ring)

@: confused, exhausted, slowed, very slow, not resistant to hostile
enchantments, very unstealthy
A: unfitting armour, tough skin 1
a: Burn Spellbooks, Berserk, Trog's Hand, Renounce Religion


You were on level 3 of the Dungeon.
You worshipped Trog.
Trog was pleased with you.
You were hungry.

You visited 1 branch of the dungeon, and saw 3 of its levels.

You collected 155 gold pieces.

Inventory:

Hand weapons
 a - a +0 mace
 d - a +0 mace of holy wrath (weapon)
Missiles
 f - 71 stones (quivered)
 l - 15 poisoned needles
 m - a throwing net
Armour
 b - a +0 animal skin (worn)
Jewellery
 i - an amulet of faith (around neck)
Scrolls
 h - a scroll of identify
 n - 5 scrolls of random uselessness {unknown}
 o - a scroll of amnesia {unknown}
 p - 2 scrolls of teleportation {unknown}
 r - a scroll of noise {unknown}
Potions
 e - a potion of resistance {unknown}
 g - a potion of cancellation {unknown}
 j - a potion of curing {unknown}
 k - a potion of ambrosia
 s - a potion of invisibility {unknown}
 t - a potion of heal wounds {unknown}
 u - a potion of flight {unknown}
Comestibles
 c - 3 meat rations
 q - 3 bread rations


   Skills:
 - Level 4.0 Fighting
 + Level 6.1 Maces & Flails
 - Level 1.5 Armour
 - Level 1.7 Dodging


You had 2 spell levels left.
You didn't know any spells.

Dungeon Overview and Level Annotations

Branches:
Dungeon (3/15)

Altars:
Gozag


Innate Abilities, Weirdness & Mutations

You are too large for most types of armour.
You have tough skin (AC +1).


Message History

The gnoll hits you.
The gnoll throws a throwing net.
The throwing net hits you.
You become entangled in the net!
You see here a throwing net.
You struggle against the net.
The gnoll hits you but does no damage. The gnoll barely misses you.
You tear a large gash into the net.
The gnoll hits you. The gnoll hits you but does no damage. The gnoll hits you.
The gnoll hits you from afar with a spear.
* * * LOW HITPOINT WARNING * * *
You shred the net and break free! The gnoll hits you but does no damage.
The gnoll hits you from afar with a spear.
* * * LOW HITPOINT WARNING * * *
Drink which item? (? for menu, Esc to quit)
It was a potion of ambrosia.
You are confused.
You feel invigorated. The gnoll hits you.
* * * LOW HITPOINT WARNING * * *
The gnoll hits you from afar with a spear!
You die...

#...).# ##......#
#....# #
#.....#####.####.#
####.#
#.....g.....# #.#
#.#
#.....#).#..####.#
#.#
#.....#.###....#.#
#.# ##
#######..#.....#.#
#.# #.
##.....#.#.######.#
#.
####g##..........#
#. #.g@...########
#. ######## #. ##


You could see 2 gnolls.

Vanquished Creatures
  2 gnolls (D:3)
  A giant mite (D:3)
  5 bats
  2 giant cockroaches
  6 goblins
  5 hobgoblins
  3 giant newts
  3 kobolds
  2 rats (D:2)
29 creatures vanquished.

Notes
Turn   | Place    | Note
--------------------------------------------------------------
     0 | D:1      | Fiveotanaka, the Ogre Berserker, began the quest for the Orb.
     0 | D:1      | Reached XP level 1. HP: 24/24 MP: 1/1
   333 | D:1      | Reached XP level 2. HP: 24/32 MP: 2/2
   549 | D:1      | Reached skill level 5 in Maces & Flails
   633 | D:1      | Acquired Trog's second power
  1067 | D:2      | Found an opulent altar of Gozag.
  1299 | D:3      | Reached XP level 3. HP: 36/39 MP: 3/3
  1462 | D:3      | Reached skill level 6 in Maces & Flails
  1479 | D:3      | Slain by a gnoll

Action                   || total
-------------------------++-------
Melee: Mace              ||    63
Invok: Berserk           ||     1
  Use: Scroll            ||     2
       Potion            ||     1
 Stab: Sleeping          ||     1
  Eat: Chunk             ||     2
